 Dungeon Crawl Stone Soup version 0.25-a0-804-g50c693f418 (webtiles) character file.

Game seed: 4453676927044517899, levelgen mode: deterministic

677 Grendash the Skirmisher (level 7, 0/63 HPs)
             Began as a Minotaur Fighter on Apr 19, 2020.
             Slain by a centaur (4 damage)
             ... on level 5 of the Dungeon.
             The game lasted 00:04:04 (3447 turns).

Grendash the Skirmisher (Minotaur Fighter)          Turns: 3447, Time: 00:04:05

Health: 0/63       AC:  8    Str: 21      XL:     7   Next: 33%
Magic:  6/6        EV:  8    Int:  7      God:
Gold:   215        SH:  0    Dex:  7 (9)  Spells: 6/6 levels left

rFire    . . .     SeeInvis .   s - +2 hand axe (flame)
rCold    . . .     Gourm    .   c - +0 kite shield
rNeg     . . .     Faith    .   b - +0 scale mail
rPois    .         Spirit   .   (helmet restricted)
rElec    .         Reflect  .   (no cloak)
rCorr    .         Harm     .   (no gloves)
MR       .....                  g - +0 pair of boots
Stlth    ..........             (no amulet)
HPRegen  0.20/turn              (no ring)
MPRegen  0.10/turn              (no ring)

@: confused
A: retaliatory headbutt, horns 2
a: no special abilities


You were on level 5 of the Dungeon.
You were not hungry.

You visited 1 branch of the dungeon, and saw 5 of its levels.

You collected 215 gold pieces.

Inventory:

Hand Weapons
 a - a +0 long sword
 s - a +2 hand axe of flaming (weapon)
 w - a +3 dagger of freezing
Missiles
 r - 49 arrows
 x - 18 bolts
 C - 9 poisoned darts (quivered)
Armour
 b - a +0 scale mail (worn)
 c - a +0 kite shield (worn)
 g - a +0 pair of boots (worn)
 h - a +2 buckler
 y - a +0 troll leather armour
Jewellery
 o - an uncursed amulet of faith {unknown}
 q - an uncursed amulet of the acrobat {unknown}
 u - an uncursed amulet of harm {unknown}
 F - an uncursed ring of ice {unknown}
Scrolls
 e - a scroll of enchant armour {unknown}
 i - 5 scrolls of identify {unknown}
 j - 3 scrolls of teleportation {unknown}
 k - a scroll of fear {unknown}
 l - 3 scrolls of remove curse {unknown}
 m - a scroll of blinking {unknown}
 t - a scroll of enchant weapon {unknown}
 A - 2 scrolls of amnesia {unknown}
 D - 4 scrolls of noise {unknown}
 E - a scroll of fog {unknown}
Potions
 d - a potion of might
 n - 3 potions of haste
 p - 2 potions of heal wounds {unknown}
 v - a potion of invisibility {unknown}
 z - a potion of lignification {unknown}
 B - a potion of curing
 G - a potion of berserk rage {unknown}
Comestibles
 f - 5 rations


   Skills:
 + Level 6.0 Fighting
 - Level 3.0 Long Blades
 + Level 4.1 Axes
 + Level 6.0 Armour
 + Level 6.0 Shields


You had 6 spell levels left.
You didn't know any spells.
Your spell library contained the following spells:

 Spells                   Type           Power        Failure   Level  Hunger
 Confusing Touch          Hex            #.......     100%        3    ####...
 Gell's Gravitas          Tloc           #.........   100%        3    ####...
 Petrify                  Tmut/Erth      #.......     100%        4    #####..
 Metabolic Englaciation   Hex/Ice        #.........   100%        5    ######.
 Yara's Violent Unravell  Hex/Tmut       #.........   100%        5    ######.


Dungeon Overview and Level Annotations

Branches:
Dungeon (5/15)
 Temple: D:4-7

Altars:
Elyvilon
Gozag
Okawaru
Trog
Uskayaw
Xom

Shops:
D:4 }


Innate Abilities, Weirdness & Mutations

You reflexively headbutt those who attack you in melee.
You have a pair of horns on your head.


Message History

You hear some strange, mumbled words.
Something tries to affect you, but you resist.
The quasit bites you but does no damage.
The quasit barely misses you. x2
The orc priest hits you but does no damage.
You closely miss the orc priest. Your headbutt misses the orc priest.
The orc priest is heavily wounded.
Your shield prevents you from hitting the centaur.
You closely miss the orc wizard. You barely miss something. You hit the quasit.
The orc wizard hits you but does no damage.
You are electrocuted!
The centaur hits you. The quasit barely misses you. x3
Something hits you but does no damage.
An orc wizard comes into view. It is wielding a +0 dagger.
The orc priest barely misses you.
The orc wizard hits you but does no damage.
You are electrocuted!!
* * * LOW HITPOINT WARNING * * *
The orc wizard hits you but does no damage.
The centaur hits you.
You die...

#.#.....# #
#.#.###.# #. #.#.#
#.# #.##### #.#.#
#.# #..(..#
#.#.###.#
#.....####.#.....#
#..........#######
#..........#
#...†..@co.#
#.###..o(..#
#...5..#
######o... .....#
....# ...# ...#
...


You could see a centaur, an orc priest, 2 orc wizards and a quasit.

Vanquished Creatures
  An ogre (D:4)
  2 phantoms
  A bullfrog (D:4)
  A scorpion (D:4)
  A bullfrog skeleton (D:4)
  A hound (D:5)
  4 worker ants (D:4)
  An iguana (D:5)
  6 adders
  2 oozes (D:2)
  An adder skeleton (D:4)
  3 dart slugs
  2 leopard geckos
  3 orcs
  2 ball pythons
  3 bats
  A giant cockroach (D:3)
  4 goblins
  9 hobgoblins
  9 jackals
  2 quokkas
  2 frilled lizards
  A jackal skeleton (D:4)
  5 kobolds
  A leopard gecko skeleton (D:5)
  10 rats
78 creatures vanquished.

Vanquished Creatures (others)
  A worm (D:4)
  A frilled lizard (D:4)
2 creatures vanquished.

Grand Total: 80 creatures vanquished

Notes
Turn   | Place    | Note
-------+----------+-------------------------------------------
     0 | D:1      | Grendash the Minotaur Fighter began the quest for the Orb.
     0 | D:1      | Reached XP level 1. HP: 19/19 MP: 0/0
   873 | D:2      | Reached XP level 2. HP: 16/27 MP: 1/1
  1229 | D:2      | Reached XP level 3. HP: 33/33 MP: 2/2
  1844 | D:3      | Reached skill level 1 in Axes
  1844 | D:3      | Reached XP level 4. HP: 40/40 MP: 3/3
  1935 | D:3      | Noticed a phantom
  1939 | D:3      | Found a hide-covered altar of Uskayaw.
  2003 | D:3      | Killed a phantom
  2003 | D:3      | Reached XP level 5. HP: 20/47 MP: 4/4
  2522 | D:4      | Found a shimmering altar of Xom.
  2522 | D:4      | Noticed a phantom
  2523 | D:4      | Noticed an ogre
  2535 | D:4      | Reached skill level 5 in Fighting
  2535 | D:4      | Reached skill level 5 in Armour
  2535 | D:4      | Reached skill level 5 in Shields
  2541 | D:4      | Reached XP level 6. HP: 51/56 MP: 5/5
  2566 | D:4      | Reached XP level 7. HP: 11/62 MP: 6/6
  2888 | D:4      | Found an opulent altar of Gozag.
  2888 | D:4      | Found a white marble altar of Elyvilon.
  3219 | D:4      | Found Howkaeg's Gadget Emporium.
  3282 | D:4      | Found a bloodstained altar of Trog.
  3283 | D:4      | Found an iron altar of Okawaru.
  3398 | D:5      | Entered Level 5 of the Dungeon
  3447 | D:5      | Slain by a centaur

Levels and vault maps discovered:
D:1:      dpeg_arrival_boxes_within_box, layout_basic, bh_walls_and_bars
D:2:      layout_loops_corners, first_ration
D:3:      layout_basic, lemuel_crystal_altar, nicolae_overflow_hidden_temple,
          st_stairs_4, minmay_circle_x
D:4:      layout_basic, grunt_temple_overflow_bloody_war, xom_confusion_cloud,
          gammafunk_temple_overflow_pools, serial_shops,
          nicolae_shop_competitors_out_of_business
D:5:      layout_basic, nicolae_overflow_crystal_walls, enter_ossuary_5,
          minmay_misc_feat_five, okawaru_ov_weapons_minmay

Skill      XL: |  1  2  3  4  5  6  7 |
---------------+----------------------+-----
Armour         | 4 5 6 |  6.0
Shields        | 4 5 6 |  6.0
Fighting       | 4 5 6 |  6.0
Long Blades    | 3 |  3.0
Axes           | 1 2 3 4 |  4.1

Action                   |  1- 3 |  4- 6 |  7- 9 || total
-------------------------+-------+-------+-------++-------
Melee: Long sword        |    52 |       |       ||    52
       Headbutt          |    11 |    17 |     1 ||    29
       Hand axe          |    16 |    98 |    34 ||   148
  Use: Potion            |       |       |     2 ||     2
  Eat: Chunk             |     3 |     2 |     1 ||     6
       Ration            |       |       |     1 ||     1
Armor: Scale mail        |    35 |    29 |    22 ||    86
Dodge: Dodged            |    33 |    21 |    34 ||    88
Block: Kite shield       |    37 |    57 |    20 ||   114
       Rpst.: Long sword |     7 |       |       ||     7

Table legend:
 A = Non-vault XP
 B = Vault XP
 C = Vault XP percentage of total XP
 D = Non-vault monster count
 E = Vault monster count
 F = Vault count percentage of total count
                 A         B        C        D         E       F
            +---------+---------+-------+---------+---------+-------
      Total |     467 |     501 |  51.8 |      58 |      20 |  25.6
            +---------+---------+-------+---------+---------+-------
        D:1 |      11 |       0 |   0.0 |       8 |       0 |   0.0
        D:2 |      81 |       0 |   0.0 |      25 |       0 |   0.0
        D:3 |     179 |      21 |  10.5 |      17 |      10 |  37.0
        D:4 |     118 |     480 |  80.3 |       5 |      10 |  66.7
        D:5 |      78 |       0 |   0.0 |       3 |       0 |   0.0
            +---------+---------+-------+---------+---------+-------
